Map: Écho EC

Players

AgCl

  • Race: Protoss Protoss

Spirit - Winner!

  • Race: Protoss Protoss

VOD

Have the link to the VOD?

Description

Time

  • Played on: May 9, 2015, 11:09 p.m.
  • Length: 6:29
Show
View Real Time Build Order
Export as new Build Order

AgCl Protoss 

Build Orders: Oracle Opening, Oracle Opening 

Get SALT Encoding   

  12  0:02  Probe  
  13  0:20  Pylon  
  13  0:21  Probe  
  14  0:35  Assimilator  
  14  0:38  Probe  
  14  0:41  Gateway  
  15  0:50  Probe (Chrono Boost)  
  16  0:59  Probe (Chrono Boost)  
  17  1:07  Probe (Chrono Boost)  
  19  1:19  Probe (Chrono Boost)  
  19  1:26  Probe (Chrono Boost)  
  19  1:29  Cybernetics Core  
  19  1:30  Pylon  
  20  1:36  Probe  
  21  1:48  Probe (Chrono Boost)  
  22  2:01  Assimilator  
  23  2:06  Mothership Core (Chrono Boost)  
  23  2:07  Stalker  
  26  2:13  Warp Gate (Chrono Boost)  
  26  2:26  Probe  
  26  2:27  Nexus  
  27  2:39  Probe (Chrono Boost)  
  28  2:51  Probe (Chrono Boost)  
  29  2:57  Probe (Chrono Boost)  
  29  2:58  Stargate  
  29  3:08  Probe  
  29  3:12  Pylon  
  30  3:18  Pylon  
  30  3:29  Gateway  
  30  3:30  Probe, Adept  
  33  3:39  Robotics Facility  
  31  3:42  Probe  
  31  3:47  Oracle (Chrono Boost)  
  30  4:13  Stalker  
  30  4:27  Probe  
  31  4:34  Probe  
  32  4:39  Probe  
  31  4:58  Void Ray (Chrono Boost)  
  35  5:00  Probe (Chrono Boost)  
  35  5:05  Probe (Chrono Boost)  
  37  5:09  Stalker  
  37  5:12  Probe (Chrono Boost)  
  38  5:15  Probe (Chrono Boost)  
  38  5:18  Probe (Chrono Boost)  
  30  5:35  Stalker  
  19  6:03  Probe (Chrono Boost)  
  17  6:13  Probe (Chrono Boost)  
Show
View Real Time Build Order
Export as new Build Order

Spirit Protoss - Winner!

Build Orders: Mass Adepts 

Get SALT Encoding   

  12  0:01  Probe  
  13  0:14  Pylon  
  13  0:21  Probe  
  14  0:32  Gateway  
  14  0:37  Probe (Chrono Boost)  
  15  0:44  Assimilator  
  15  0:47  Probe (Chrono Boost)  
  16  0:54  Pylon  
  16  0:55  Probe  
  17  1:09  Probe (Chrono Boost)  
  19  1:18  Probe (Chrono Boost)  
  19  1:24  Cybernetics Core  
  19  1:27  Gateway  
  19  1:47  Probe  
  19  1:52  Assimilator  
  19  2:00  Adept (Chrono Boost)  
  22  2:04  Warp Gate (Chrono Boost)  
  21  2:16  Mothership Core  
  21  2:20  Adept  
  25  2:26  Adept  
  25  2:29  Pylon  
  27  2:34  Gateway  
  27  2:37  Probe (Chrono Boost)  
  28  2:46  Probe (Chrono Boost)  
  29  3:03  Adept x2  
  33  3:09  Gateway  
  27  4:09  Adept x3  
  33  4:27  Pylon  
  31  4:39  Pylon  
  29  4:46  Adept x2  
  29  4:47  Adept x2  
  29  4:51  Probe (Chrono Boost)  
  34  5:01  Probe (Chrono Boost)  
  34  5:04  Pylon  
  35  5:08  Probe  
  34  5:22  Adept x2  
  34  5:23  Adept x2  
  30  6:01  Stalker x4  
  34  6:24  Stalker x3  
  34  6:25  Stalker  
Tags
 
Add a new tag
Caveats
  • Supply blocks, unpowered buildings, or Contaminate may cause inaccurate times.
  • Supply counts are checked every 10 seconds.